TOP OF THE 1ST |
St. Louis Browns batting - Pitching for Vista Panthers : RHP Scotty Johnson
|
Pitching: RHP Scotty Johnson
|
|
Batting: SHB Ryobe Yamamoto
|
0-0: Swinging Strike 0-1: Ball 1-1: SINGLE (Groundball, 34D)
|
Batting: LHB Stan Hickman
|
0-0: Ball 1-0: Ground out 4-3 (Groundball, 4M) Ryobe Yamamoto to second
|
Batting: LHB Clinton Clark
|
0-0: Ball 1-0: Ball Ryobe Yamamoto is caught stealing 3rd base 2-0: Called Strike 2-1: Foul Ball, location: 2F 2-2: Foul Ball, location: 2F 2-2: Ball 3-2: Base on Balls
|
Batting: LHB Jorge Torres
|
0-0: Ball 1-0: Ball 2-0: Ball 3-0: Base on Balls Clinton Clark to second
|
Batting: RHB Yoshihide Takahashi
|
0-0: Called Strike 0-1: Foul Ball, location: 2F 0-2: Ball 1-2: Ball 2-2: Foul Ball, location: 2F 2-2: Ground out 5-3 (Groundball, 5L)
|
Top of the 1st over - 0 run(s), 1 hit(s), 0 error(s), 2 left on base; St. Louis 0 - Vista 0 |
BOTTOM OF THE 1ST |
Vista Panthers batting - Pitching for St. Louis Browns : RHP Nelson Ortega
|
Pitching: RHP Nelson Ortega
|
|
Batting: LHB Brent Alonzo
|
0-0: Ball 1-0: Swinging Strike 1-1: Ball 2-1: Ball 3-1: Called Strike 3-2: Ground out 5-3 (Groundball, 56S)
|
Batting: LHB Francisco Marino
|
0-0: Ball 1-0: Called Strike 1-1: Foul Ball, location: 2F 1-2: Fly out, F7 (Flyball, 7LMF)
|
Batting: LHB Jesús González
|
0-0: Ground out 4-3 (Groundball, 4)
|
Bottom of the 1st over - 0 run(s), 0 hit(s), 0 error(s), 0 left on base; St. Louis 0 - Vista 0 |
TOP OF THE 2ND |
St. Louis Browns batting - Pitching for Vista Panthers : RHP Scotty Johnson
|
Batting: RHB Mario Rosales
|
0-0: Ball 1-0: Ball 2-0: Ball 3-0: Base on Balls
|
Batting: LHB Junior Coates
|
0-0: Called Strike 0-1: Ball 1-1: SINGLE (Line Drive, 8LS) Mario Rosales to second
|
Batting: RHB Will Brown
|
0-0: Ball 1-0: Ball 2-0: Grounds into double play, 1-6-3 (Groundball, 13) Mario Rosales to third
|
Batting: RHB Carlos Alfaro
|
0-0: Swinging Strike 0-1: Swinging Strike 0-2: Fly out, F2 (Popup, 2LF)
|
Top of the 2nd over - 0 run(s), 1 hit(s), 0 error(s), 1 left on base; St. Louis 0 - Vista 0 |
BOTTOM OF THE 2ND |
Vista Panthers batting - Pitching for St. Louis Browns : RHP Nelson Ortega
|
Batting: SHB Mark Wells
|
0-0: Ground out 3-1 (Groundball, 34)
|
Batting: RHB Roberto Cruz
|
0-0: Called Strike 0-1: SINGLE (Line Drive, 7LM)
|
Batting: LHB Bob Cunningham
|
0-0: Ball 1-0: DOUBLE (Groundball, 3L) Roberto Cruz to third
|
Batting: RHB Phil Matthews
|
0-0: Ground out U3 (Groundball, 3S)
|
Batting: RHB Wilson López
|
0-0: Fly out, F9 (Flyball, 89M)
|
Bottom of the 2nd over - 0 run(s), 2 hit(s), 0 error(s), 2 left on base; St. Louis 0 - Vista 0 |
TOP OF THE 3RD |
St. Louis Browns batting - Pitching for Vista Panthers : RHP Scotty Johnson
|
Batting: SHB Ryobe Yamamoto
|
0-0: Ball 1-0: Swinging Strike 1-1: Ball 2-1: Ground out 6-3 (Groundball, 6M)
|
Batting: LHB Stan Hickman
|
0-0: Foul Ball, location: 2F 0-1: Foul Ball, location: 2F 0-2: Foul Ball, location: 2F 0-2: Ball 1-2: Ball 2-2: Ball 3-2: Foul Ball, location: 2F 3-2: Foul Ball, location: 2F 3-2: Fly out, F9 (Flyball, 9LS)
|
Batting: LHB Clinton Clark
|
0-0: Ball 1-0: Ball 2-0: Ball 3-0: Base on Balls
|
Batting: LHB Jorge Torres
|
0-0: Ball 1-0: DOUBLE (Flyball, 89D) Clinton Clark to third
|
Batting: RHB Yoshihide Takahashi
|
0-0: Ground out 3-1 (Groundball, 34)
|
Top of the 3rd over - 0 run(s), 1 hit(s), 0 error(s), 2 left on base; St. Louis 0 - Vista 0 |
BOTTOM OF THE 3RD |
Vista Panthers batting - Pitching for St. Louis Browns : RHP Nelson Ortega
|
Batting: RHB Cisco Gatán
|
0-0: Ball 1-0: Foul Ball, location: 2F 1-1: Ball 2-1: Ball 3-1: Foul Ball, location: 2F 3-2: Ground out 2-3 (Groundball, 25)
|
Batting: LHB Brent Alonzo
|
0-0: Ball 1-0: Called Strike 1-1: Ball 2-1: Swinging Strike 2-2: Ground out 1-3 (Groundball, 13S)
|
Batting: LHB Francisco Marino
|
0-0: Ball 1-0: Foul Ball, location: 2F 1-1: Ball 2-1: Ball 3-1: Fly out, F7 (Flyball, 78D)
|
Bottom of the 3rd over - 0 run(s), 0 hit(s), 0 error(s), 0 left on base; St. Louis 0 - Vista 0 |
TOP OF THE 4TH |
St. Louis Browns batting - Pitching for Vista Panthers : RHP Scotty Johnson
|
Batting: RHB Mario Rosales
|
0-0: Ball 1-0: Foul Ball, location: 2F 1-1: Swinging Strike 1-2: Ball 2-2: Ball 3-2: Ground out 4-3 (Groundball, 4)
|
Batting: LHB Junior Coates
|
0-0: Called Strike 0-1: Ball 1-1: Foul Ball, location: 2F 1-2: Strikes out looking
|
Batting: RHB Will Brown
|
0-0: SINGLE (Groundball, 6MD)
|
Batting: RHB Carlos Alfaro
|
0-0: Swinging Strike 0-1: Foul Ball, location: 2F 0-2: Fly out, F7 (Flyball, 78XD)
|
Top of the 4th over - 0 run(s), 1 hit(s), 0 error(s), 1 left on base; St. Louis 0 - Vista 0 |
BOTTOM OF THE 4TH |
Vista Panthers batting - Pitching for St. Louis Browns : RHP Nelson Ortega
|
Batting: LHB Jesús González
|
0-0: Ball 1-0: Ball 2-0: Called Strike 2-1: Foul Ball, location: 2F 2-2: Reached on Error, E4 (Popup, 4D)
|
Batting: SHB Mark Wells
|
0-0: Foul Ball, location: 2F 0-1: Swinging Strike 0-2: Strikes out swinging
|
Batting: RHB Roberto Cruz
|
0-0: Called Strike 0-1: Ball 1-1: Grounds into double play, 5-4-3 (Groundball, 56)
|
Bottom of the 4th over - 0 run(s), 0 hit(s), 1 error(s), 0 left on base; St. Louis 0 - Vista 0 |
TOP OF THE 5TH |
St. Louis Browns batting - Pitching for Vista Panthers : RHP Scotty Johnson
|
Batting: SHB Ryobe Yamamoto
|
0-0: Called Strike 0-1: Foul Ball, location: 2F 0-2: Ball 1-2: Ball 2-2: Ground out 5-3 (Groundball, 5L)
|
Batting: LHB Stan Hickman
|
0-0: Ball 1-0: Called Strike 1-1: Foul Ball, location: 2F 1-2: Ground out 4-3 (Groundball, 4)
|
Batting: LHB Clinton Clark
|
0-0: Ground out 6-3 (Groundball, 6M)
|
Top of the 5th over - 0 run(s), 0 hit(s), 0 error(s), 0 left on base; St. Louis 0 - Vista 0 |
BOTTOM OF THE 5TH |
Vista Panthers batting - Pitching for St. Louis Browns : RHP Nelson Ortega
|
Batting: LHB Bob Cunningham
|
0-0: Ball 1-0: Ball 2-0: SINGLE (Groundball, 4MD)
|
Batting: RHB Phil Matthews
|
0-0: Called Strike 0-1: Grounds into double play, 6-4-3 (Groundball, 6M)
|
Batting: RHB Wilson López
|
0-0: Called Strike 0-1: Called Strike 0-2: Foul Ball, location: 2F 0-2: DOUBLE (Groundball, 5L)
|
Batting: RHB Cisco Gatán
|
0-0: Foul Ball, location: 2F 0-1: Ball 1-1: Swinging Strike 1-2: Strikes out swinging
|
Bottom of the 5th over - 0 run(s), 2 hit(s), 0 error(s), 1 left on base; St. Louis 0 - Vista 0 |
TOP OF THE 6TH |
St. Louis Browns batting - Pitching for Vista Panthers : RHP Scotty Johnson
|
Batting: LHB Jorge Torres
|
0-0: Called Strike 0-1: Ball 1-1: Ground out 1-3 (Groundball, 15)
|
Batting: RHB Yoshihide Takahashi
|
0-0: Ball 1-0: Ball 2-0: Called Strike 2-1: Ball 3-1: Called Strike 3-2: Base on Balls
|
Batting: RHB Mario Rosales
|
0-0: Ball 1-0: Swinging Strike 1-1: Ball 2-1: Called Strike 2-2: Foul Ball, location: 2F 2-2: Foul Ball, location: 2F 2-2: Foul Ball, location: 2F 2-2: Foul Ball, location: 2F 2-2: Foul Ball, location: 2F 2-2: Foul Ball, location: 2F 2-2: Ball 3-2: Base on Balls Yoshihide Takahashi to second
|
Batting: LHB Junior Coates
|
0-0: Called Strike 0-1: Called Strike 0-2: Ball 1-2: Foul Ball, location: 2F 1-2: Ball 2-2: Strikes out swinging
|
Batting: RHB Will Brown
|
0-0: Called Strike 0-1: Ball 1-1: Swinging Strike 1-2: Ball 2-2: Strikes out swinging
|
Top of the 6th over - 0 run(s), 0 hit(s), 0 error(s), 2 left on base; St. Louis 0 - Vista 0 |
BOTTOM OF THE 6TH |
Vista Panthers batting - Pitching for St. Louis Browns : RHP Nelson Ortega
|
Batting: LHB Brent Alonzo
|
0-0: Ball 1-0: Ball 2-0: Foul Ball, location: 2F 2-1: SINGLE (Flyball, 8RS)
|
Batting: LHB Francisco Marino
|
0-0: Ball 1-0: Ball 2-0: Swinging Strike Pickoff Throw to First - Out! 2-1: Bunted foul 2-2: Foul Ball, location: 2F 2-2: Ball 3-2: Ground out 6-3 (Groundball, 6M)
|
Batting: LHB Jesús González
|
0-0: Foul Ball, location: 2F 0-1: Ball 1-1: Ball 2-1: Swinging Strike 2-2: Ball 3-2: Foul Ball, location: 2F 3-2: Ground out 1-3 (Groundball, 13)
|
Bottom of the 6th over - 0 run(s), 1 hit(s), 0 error(s), 0 left on base; St. Louis 0 - Vista 0 |
TOP OF THE 7TH |
St. Louis Browns batting - Pitching for Vista Panthers : RHP Scotty Johnson
|
Batting: RHB Carlos Alfaro
|
0-0: Ground out 6-3 (Groundball, 6S)
|
Batting: SHB Ryobe Yamamoto
|
0-0: Ball 1-0: Called Strike 1-1: Foul Ball, location: 2F 1-2: SOLO HOME RUN (Flyball, 89XD), Distance : 416 ft
|
Batting: LHB Stan Hickman
|
0-0: Foul Ball, location: 2F 0-1: Ball 1-1: Ground out 6-3 (Groundball, 6M)
|
Batting: LHB Clinton Clark
|
0-0: Called Strike 0-1: Ball 1-1: Foul Ball, location: 2F 1-2: Fly out, F7 (Flyball, 7M)
|
Top of the 7th over - 1 run(s), 1 hit(s), 0 error(s), 0 left on base; St. Louis 1 - Vista 0 |
BOTTOM OF THE 7TH |
Vista Panthers batting - Pitching for St. Louis Browns : RHP Nelson Ortega
|
Batting: SHB Mark Wells
|
0-0: Swinging Strike 0-1: Swinging Strike 0-2: Strikes out swinging
|
Batting: RHB Roberto Cruz
|
0-0: Ground out 6-3 (Groundball, 6)
|
Batting: LHB Bob Cunningham
|
0-0: Called Strike 0-1: SINGLE (Groundball, 4MD)
|
Pinch Hitting: LHB Patrick Osborne
|
0-0: Ball 1-0: Ball 2-0: Ball 3-0: Called Strike 3-1: Called Strike 3-2: Foul Ball, location: 2F 3-2: Foul Ball, location: 2F 3-2: Ground out 4-3 (Groundball, 4M)
|
Bottom of the 7th over - 0 run(s), 1 hit(s), 0 error(s), 1 left on base; St. Louis 1 - Vista 0 |
TOP OF THE 8TH |
St. Louis Browns batting - Pitching for Vista Panthers : RHP Scotty Johnson
|
Pitching: LHP John Whitaker
|
|
Now in LF: Patrick Osborne
|
|
Batting: LHB Jorge Torres
|
0-0: Called Strike 0-1: SINGLE (Flyball, 56D)
|
Pitching: RHP Felipe Reyes
|
|
Batting: RHB Yoshihide Takahashi
|
0-0: Foul Ball, location: 2F 0-1: Called Strike 0-2: Ball 1-2: Ball 2-2: Foul Ball, location: 2F 2-2: Foul Ball, location: 2F 2-2: Strikes out swinging
|
Pitching: RHP Mitsunari Taguchi
|
|
Batting: RHB Mario Rosales
|
0-0: Called Strike 0-1: Ball 1-1: Swinging Strike 1-2: Ball 2-2: Ball 3-2: Foul Ball, location: 2F 3-2: Foul Ball, location: 2F 3-2: Foul Ball, location: 2F 3-2: Base on Balls Jorge Torres to second
|
Pitching: LHP Mario Tobías
|
|
Pinch Hitting: RHB George Howard
|
0-0: Called Strike 0-1: Fly out, F3 (Popup, 3DF)
|
Pitching: RHP José Betancourt
|
|
Batting: RHB Will Brown
|
0-0: Ground out 5-3 (Groundball, 5)
|
Top of the 8th over - 0 run(s), 1 hit(s), 0 error(s), 2 left on base; St. Louis 1 - Vista 0 |
BOTTOM OF THE 8TH |
Vista Panthers batting - Pitching for St. Louis Browns : RHP Nelson Ortega
|
Now at 3B: George Howard
|
|
Batting: RHB Wilson López
|
0-0: Swinging Strike 0-1: Ball 1-1: Ground out 4-3 (Groundball, 4)
|
Batting: RHB Cisco Gatán
|
0-0: Ground out 4-3 (Groundball, 4)
|
Batting: LHB Brent Alonzo
|
0-0: Ball 1-0: SINGLE (Line Drive, 7LS)
|
Pitching: RHP Beau Brown
|
|
Batting: LHB Francisco Marino
|
0-0: Ball 1-0: Ball 2-0: Called Strike 2-1: Foul Ball, location: 2F 2-2: Foul Ball, location: 2F 2-2: Ball 3-2: SINGLE (Line Drive, 89M) Brent Alonzo to second Brent Alonzo to third
|
Pitching: LHP Miguel Martínez
|
|
Pinch Hitting: RHB Carlos García
|
0-0: Called Strike 0-1: Ball 1-1: Ball 2-1: DOUBLE (Line Drive, 5D) Brent Alonzo scores Francisco Marino to third Runner from 3rd tries for Home, SAFE, no throw or cutoff
|
Pitching: RHP John Allan
|
|
Batting: SHB Mark Wells
|
0-0: Swinging Strike 0-1: Swinging Strike 0-2: Ball 1-2: Ground out 3-1 (Groundball, 34)
|
Bottom of the 8th over - 2 run(s), 3 hit(s), 0 error(s), 1 left on base; St. Louis 1 - Vista 2 |
TOP OF THE 9TH |
St. Louis Browns batting - Pitching for Vista Panthers : RHP José Betancourt
|
Pitching: RHP António López
|
|
Now at 3B: Fletcher Reed
|
|
Now in RF: Carlos García
|
|
Batting: RHB Carlos Alfaro
|
0-0: Called Strike 0-1: Ball 1-1: Called Strike 1-2: Ball 2-2: Ground out 6-3 (Groundball, 6)
|
Batting: SHB Ryobe Yamamoto
|
0-0: Fly out, F6 (Popup, 5DF)
|
Batting: LHB Stan Hickman
|
0-0: Ball 1-0: Foul Ball, location: 2F 1-1: Foul Ball, location: 2F 1-2: SINGLE (Groundball, 34D)
|
Batting: LHB Clinton Clark
|
0-0: SINGLE (Groundball, 34S) Stan Hickman to second Runner from 2nd tries for 3rd, OUT!
|
Top of the 9th over - 0 run(s), 2 hit(s), 0 error(s), 1 left on base; St. Louis 1 - Vista 2 |
|